 Dungeon Crawl Stone Soup version 0.23.1 (webtiles) character file.

Game seed: 10876097313605219454

894 FunkyPutin the Cleaver (level 7, 0/91 HPs)
             Began as a Minotaur Fighter on Mar 7, 2019.
             Succumbed to a kobold's poison
             ... on level 4 of the Dungeon.
             The game lasted 00:11:50 (2930 turns).

FunkyPutin the Cleaver (Minotaur Fighter)           Turns: 2930, Time: 00:11:51

Health: 0/91       AC: 23    Str: 28    XL:     7   Next: 78%
Magic:  6/6        EV:  2    Int:  8    God:
Gold:   136        SH: 10    Dex:  9    Spells: 6/6 levels left

rFire    + . .     SeeInvis .   a - +0 war axe
rCold    + . .     Gourm    .   c - +0 shield
rNeg     + + +     Faith    .   (armour currently unavailable)
rPois    +         Spirit   .   (helmet currently unavailable)
rElec    +         Reflect  .   (cloak currently unavailable)
rCorr    +         Harm     .   (gloves currently unavailable)
MR       .....     NoTele   +   (boots currently unavailable)
Stlth    +.........             (no amulet)
HPRegen  0.25/turn              l - +3 ring of intelligence
MPRegen  0.10/turn              n - ring of positive energy

@: mighty, lethally poisoned (0 -> -4), tree-form, resistant
A: (retaliatory headbutt)
a: no special abilities


You were on level 4 of the Dungeon.
You were hungry.
You were a tree.
You visited 1 branch of the dungeon, and saw 4 of its levels.

You collected 136 gold pieces.

Inventory:

Hand Weapons
 a - a +0 war axe (weapon)
Armour
 b - a +0 scale mail (melded)
 c - a +0 shield (worn)
 g - a +2 pair of gloves (melded)
 r - a +3 leather armour of poison resistance
Jewellery
 l - a +3 ring of intelligence (left branch)
 n - a ring of positive energy (right branch)
Wands
 o - a wand of random effects (18)
 q - a wand of digging (3)
Scrolls
 e - 5 scrolls of identify
 h - a scroll of magic mapping {unknown}
 i - a scroll of remove curse
 k - a scroll of immolation
Potions
 d - a potion of might
 j - a potion of resistance
Comestibles
 f - 4 rations


   Skills:
 + Level 5.2 Fighting
 * Level 8.5 Axes
 + Level 5.1 Armour
 + Level 5.6 Shields


You had 6 spell levels left.
You didn't know any spells.
Your spell library contained the following spells:

 Spells                   Type           Power        Failure   Level  Hunger
 Confusing Touch          Hex            #.....       82%         1    ##.....
 Confuse                  Hex            #.......     99%         3    ####...
 Gell's Gravitas          Tloc           #.........   99%         3    ####...
 Petrify                  Tmut/Erth      #.......     100%        4    #####..
 Metabolic Englaciation   Hex/Ice        #.........   100%        5    ######.
 Yara's Violent Unravell  Hex/Tmut       #.........   100%        5    ######.


Dungeon Overview and Level Annotations

Branches:
Dungeon (4/15)
 Temple: D:4-7

Altars:
Dithmenos
Hepliaklqana

Annotations:
D:4 Ijyb


Innate Abilities, Weirdness & Mutations

((You reflexively headbutt those who attack you in melee.))
((You have a pair of horns on your head.))


Message History

You feel sick.
* * * LOW HITPOINT WARNING * * *
You feel sick.
* * * LOW HITPOINT WARNING * * *
You feel sick.
* * * LOW HITPOINT WARNING * * *
You feel sick.
* * * LOW HITPOINT WARNING * * *
You feel sick.
* * * LOW HITPOINT WARNING * * *
You feel sick.
* * * LOW HITPOINT WARNING * * *
You feel sick.
* * * LOW HITPOINT WARNING * * *
You feel sick.
* * * LOW HITPOINT WARNING * * *
You feel sick.
* * * LOW HITPOINT WARNING * * *
You feel sick.
You die...

.# #.# #.# #.# ♣♣ #.#
..≈ ########.# #...÷
#..(....<# ###......
#...†..).####♣)....§.
#........(...)##÷....
#........###### ...
#...<...## . #...))..#
#.......# ####
####.#### #..#
#.########## #..#
#..........####..#####


There were no monsters in sight!

Vanquished Creatures
  Grinder (D:4)
  Eustachio (D:4)
  A big kobold (D:4)
  A howler monkey (D:3)
  2 orc wizards
  2 orc priests
  Natasha (thrice) (D:2)
  Robin (D:2)
  6 gnolls
  7 adders
  An ooze (D:1)
  3 worms
  5 dart slugs
  10 orcs
  A ball python (D:2)
  6 bats
  3 giant cockroaches
  22 goblins
  6 hobgoblins
  9 jackals
  A quokka (D:2)
  7 frilled lizards
  13 kobolds
  6 rats
118 creatures vanquished.

Vanquished Creatures (others)
  A plant (D:4)
1 creature vanquished.

Grand Total: 119 creatures vanquished

Notes
Turn   | Place    | Note
-------+----------+-------------------------------------------
     0 | D:1      | FunkyPutin the Minotaur Fighter began the quest for the
                  | Orb.
     0 | D:1      | Reached XP level 1. HP: 19/19 MP: 0/0
   134 | D:1      | Reached XP level 2. HP: 27/27 MP: 1/1
   283 | D:1      | Reached skill level 3 in Axes
   339 | D:1      | Reached XP level 3. HP: 33/33 MP: 2/2
   707 | D:2      | Noticed Robin
   721 | D:2      | Killed Robin
   721 | D:2      | Reached XP level 4. HP: 19/40 MP: 3/3
   991 | D:2      | Found a hazy altar of Hepliaklqana.
  1063 | D:2      | Reached skill level 4 in Axes
  1147 | D:2      | Noticed Natasha
  1152 | D:2      | Killed Natasha
  1184 | D:2      | Reached XP level 5. HP: 26/47 MP: 4/4
  1186 | D:2      | Reached skill level 5 in Axes
  1194 | D:2      | Noticed Natasha
  1202 | D:2      | Killed Natasha
  1465 | D:2      | You fall through a shaft for 2 floors!
  1490 | D:4      | Noticed Grinder
  1490 | D:4      | Paralysed by Grinder for 3 turns
  1506 | D:4      | Killed Grinder
  1506 | D:4      | Reached skill level 6 in Axes
  1506 | D:4      | Reached XP level 6. HP: 22/53 MP: 5/5
  1522 | D:4      | Noticed Ijyb
  1647 | D:3      | Reached skill level 7 in Axes
  1647 | D:3      | Reached skill level 5 in Shields
  1967 | D:3      | Reached XP level 7. HP: 49/60 MP: 6/6
  2265 | D:3      | Found a shadowy altar of Dithmenos.
  2538 | D:2      | Reached skill level 5 in Fighting
  2616 | D:2      | Noticed Natasha
  2622 | D:2      | Killed Natasha
  2622 | D:2      | Reached skill level 5 in Armour
  2810 | D:4      | Noticed Eustachio
  2834 | D:4      | Killed Eustachio
  2834 | D:4      | Reached skill level 8 in Axes
  2924 | D:4      | HP: 4/91 [poisoned by a kobold]
  2928 | D:4      | HP: 1/91 [poisoned by a kobold]
  2930 | D:4      | Succumbed to a kobold's poison

Skill      XL: |  1  2  3  4  5  6  7 |
---------------+----------------------+-----
Armour         | 4 5 |  5.1
Shields        | 4 5 |  5.6
Fighting       | 4 5 |  5.2
Axes           | 3 4 6 7 8 |  8.5

Action                   |  1- 3 |  4- 6 |  7- 9 || total
-------------------------+-------+-------+-------++-------
Melee: War axe           |    71 |   104 |    91 ||   266
       Headbutt          |     7 |    17 |    13 ||    37
       Unarmed           |       |     7 |       ||     7
  Use: Scroll            |       |     4 |       ||     4
       Potion            |       |     1 |     4 ||     5
  Eat: Chunk             |       |     2 |     1 ||     3
       Ration            |       |     1 |       ||     1
Armor: Scale mail        |    46 |    45 |    84 ||   175
       Skin              |       |     5 |     5 ||    10
Dodge: Dodged            |    36 |    48 |    40 ||   124
Block: Shield            |    44 |    61 |    73 ||   178
